 Dungeon Crawl Stone Soup version 0.20-a0-738-gb057e68 (webtiles) character file.

240 Gorglomux the Distorting Orc (level 6, -2/51 HPs)
             Began as a Hill Orc Abyssal Knight on Feb 23, 2017.
             Was a Believer of Lugonu.
             Slain by an orc
             ... wielding a +0 flail
              (8 damage)
             ... on level 4 of the Dungeon.
             The game lasted 00:07:39 (4529 turns).

Gorglomux the Distorting Orc (HOAK)                 Turns: 4529, Time: 00:07:39

Health: -2/51      AC:  3    Str: 16    XL:     6   Next: 8%
Magic:  10/10      EV: 13    Int: 12    God:    Lugonu [**....]
Gold:   215        SH:  0    Dex: 11    Spells: 5/5 levels left

rFire    . . .     SeeInvis .   a - +1 hand axe
rCold    . . .     Gourm    .   b - +0 leather armour
rNeg     . . .     Faith    .   (no shield)
rPois    .         Spirit   .   (no helmet)
rElec    .         Reflect  .   (no cloak)
rCorr    .         Harm     .   (no gloves)
MR       .....                  (no boots)
Stlth    +.........             (no amulet)
Regen    0.2/turn               (no ring)
MPRegen  0.2/turn               w - +2 ring of evasion

@: confused
A: no striking features
a: Depart the Abyss, Bend Space, Renounce Religion


You were on level 4 of the Dungeon.
You worshipped Lugonu.
Lugonu was pleased with you.
You were not hungry.

You visited 1 branch of the dungeon, and saw 4 of its levels.
You visited the Abyss 1 time.
You also visited: Sewer.

You collected 215 gold pieces.

Inventory:

Hand Weapons
 a - a +1 hand axe (weapon)
Missiles
 j - 3 javelins (quivered)
Armour
 b - a +0 leather armour (worn)
 d - a +0 pair of gloves
Magical Staves
 r - an uncursed staff of summoning {unknown}
Jewellery
 w - a +2 ring of evasion (left hand)
Scrolls
 k - a scroll of enchant weapon {unknown}
 l - 2 scrolls of magic mapping {unknown}
 t - 4 scrolls of teleportation {unknown}
 u - a scroll of amnesia {unknown}
 R - 3 scrolls of identify
 S - a scroll of fog {unknown}
Potions
 n - 2 potions of brilliance {unknown}
 p - 3 potions of cancellation
 s - 2 potions of might {unknown}
 v - 2 potions of curing
 U - a potion of invisibility {unknown}
 V - a potion of flight {unknown}
 W - a potion of berserk rage {unknown}
 X - a potion of degeneration {unknown}
Comestibles
 c - a bread ration
 h - 4 meat rations
 i - 2 royal jellies
 Y - 3 chunks of flesh


   Skills:
 - Level 3.6 Fighting
 + Level 5.8 Axes
 - Level 2.1 Armour
 - Level 0.7 Dodging
 + Level 6.1 Invocations


You had 5 spell levels left.
You didn't know any spells.

Dungeon Overview and Level Annotations

Branches:
Dungeon (4/15)
 Temple: D:4-7

Altars:
Kikubaaqudgha
Nemelex Xobeh
Ru
Zin


Message History

There is a stone staircase leading up here.
The bullfrog skeleton closely misses you.
The orc hits you with a flail!
* * * LOW HITPOINT WARNING * * *
The bullfrog skeleton barely misses you.
In your confused state, you trip and fall back down the stairs.
* * * LOW HITPOINT WARNING * * *
The bullfrog skeleton closely misses you.
The orc closely misses you. The orc wizard hits you with a dagger.
* * * LOW HITPOINT WARNING * * *
Unknown command.
Unknown command.
The bullfrog skeleton barely misses you.
The orc hits you but does no damage.
The orc wizard hits you but does no damage.
In your confused state, you trip and fall back down the stairs.
* * * LOW HITPOINT WARNING * * *
The bullfrog skeleton closely misses you.
The orc hits you with a flail!
You die...

.########
.......%.
#........
#........
#........
#........
##.)......
##Zo......#
#.@o[.....#
#..#.......#
#...##...#+##
#...# #..#
#...# #.#
#...# #..
...# ### ...


You could see an orc wizard, an orc and a bullfrog skeleton.

Vanquished Creatures
  Jessica (D:2)
  Ijyb (D:3)
  A gnoll (D:3)
  3 adders
  3 oozes
  10 worms
  7 dart slugs
  7 leopard geckos
  4 orcs
  16 bats
  7 giant cockroaches
  4 goblins
  3 hobgoblins
  6 jackals
  4 ball pythons
  4 frilled lizards
  6 kobolds
  9 rats
96 creatures vanquished.

Notes
Turn   | Place    | Note
-------+----------+-------------------------------------------
     0 | Abyss:1  | Gorglomux the Hill Orc Abyssal Knight began the quest for the Orb.
     0 | Abyss:1  | Reached XP level 1. HP: 19/19 MP: 2/2
    54 | Abyss:1  | Noticed a small abomination
    82 | Abyss:1  | Noticed a large abomination
    94 | D:1      | Escaped the Abyss
   177 | D:1      | Reached skill level 3 in Axes
   177 | D:1      | Reached skill level 3 in Invocations
   177 | D:1      | Reached XP level 2. HP: 24/26 MP: 2/4
   360 | D:1      | Reached * piety under Lugonu
   595 | D:1      | Reached XP level 3. HP: 29/31 MP: 5/5
   783 | D:2      | Reached skill level 4 in Invocations
   825 | D:2      | Found a sparkling altar of Nemelex Xobeh.
  1236 | D:2      | Found a faded altar of an unknown god.
  1273 | D:2      | Reached XP level 4. HP: 27/39 MP: 7/7
  1597 | D:2      | Found an ancient bone altar of Kikubaaqudgha.
  1803 | D:2      | Noticed Jessica
  1811 | D:2      | Killed Jessica
  2233 | D:3      | Reached ** piety under Lugonu
  2346 | D:3      | Reached XP level 5. HP: 45/45 MP: 8/8
  2357 | D:3      | Reached skill level 5 in Invocations
  2486 | D:3      | Noticed Ijyb
  2506 | D:3      | Killed Ijyb
  2607 | D:3      | Found a glowing silver altar of Zin.
  2653 | D:3      | Found a glowing drain.
  2818 | Sewer    | Entered a sewer
  3673 | Sewer    | Reached skill level 6 in Invocations
  3934 | D:3      | Found a sacrificial altar of Ru.
  4017 | D:3      | Reached XP level 6. HP: 28/51 MP: 10/10
  4529 | D:4      | Slain by an orc

Vault maps used:
D:1:      dpeg_arrival_concentric_ovals
D:2:      kiku_gazebo_garden_becter, nemelex_xobeh_ov_fountains_minmay,
          chequers_ecumenical_altar_twisty, uniq_jessica
D:3:      kb_forest_paths, zin_scriptorium, nicolae_ru_path_of_blood,
          portal_sewer_entry_d, uniq_iyjb
D:4:      nicolae_qazlal_style_of_elements, kennysheep_mini, temple_pool_b,
          first_bread, serial_shops, nicolae_shop_waterfront
Sewer:    sewer_fruit_machine

Skill      XL: |  1  2  3  4  5 |
---------------+----------------+-----
Axes           | 3 4 5 |  5.8
Invocations    | 3 4 6 |  6.1
Fighting       | |  3.6
Armour         | |  2.1
Dodging        | |  0.7

Action                   |  1- 3 |  4- 6 || total
-------------------------+-------+-------++-------
Melee: Hand axe          |   100 |   273 ||   373
Throw: Javelin           |     1 |       ||     1
Invok: Depart the Abyss  |     1 |       ||     1
       Bend Space        |       |     5 ||     5
  Use: Potion            |     2 |       ||     2
       Scroll            |       |     1 ||     1
 Stab: Sleeping          |       |     1 ||     1
  Eat: Chunk             |     1 |    11 ||    12
Armor: Leather armour    |    28 |    92 ||   120
Dodge: Dodged            |    66 |   219 ||   285
